 Dungeon Crawl Stone Soup version 0.20-a0-492-g6327889 (webtiles) character file.

112 Asddderdsw the Cudgeler (level 4, 0/40 HPs)
             Began as a Draconian Wanderer on Jan 15, 2017.
             Slain by an orc
             ... wielding a +0 mace
              (9 damage)
             ... on level 3 of the Dungeon.
             The game lasted 00:14:46 (1844 turns).

Asddderdsw the Cudgeler (Draconian Wanderer)        Turns: 1844, Time: 00:14:47

Health: 0/40       AC:  6    Str: 15    XL:     4   Next: 63%
Magic:  4/4        EV: 12    Int: 13    God:
Gold:   95         SH:  0    Dex: 10    Spells: 3/3 levels left

rFire    . . .     SeeInvis .   r - +0 trident
rCold    . . .     Gourm    .   (armour unavailable)
rNeg     . . .     Faith    .   (no shield)
rPois    .         Spirit   .   (helmet restricted)
rElec    .         Reflect  .   v - +0 cloak
rCorr    .         Harm     +   (no gloves)
MR       .....                  (no boots)
Stlth    +.........             o - amulet of harm
Regen    0.1/turn               (no ring)
                                (no ring)

@: no status effects
A: unfitting armour, cold-blooded, AC +5
a: no special abilities


You were on level 3 of the Dungeon.
You were not hungry.

You visited 1 branch of the dungeon, and saw 3 of its levels.

You collected 95 gold pieces.

Inventory:

Hand Weapons
 a - a +2 shortbow
 c - a +0 mace
 r - a +0 trident (weapon)
Missiles
 b - 44 arrows
 e - 77 stones (quivered)
Armour
 v - a +0 cloak (worn)
Jewellery
 o - an amulet of harm (around neck)
Scrolls
 d - 2 scrolls of teleportation
 h - a scroll of amnesia {unknown}
 m - a scroll of enchant armour {unknown}
 n - a scroll of noise {unknown}
 q - 2 scrolls of identify {unknown}
Books
 t - a book of Misfortune

   Spells                             Type                      Level
   a - Confusing Touch                Hexes                        1
   b - Confuse                        Hexes                        3
   c - Gell's Gravitas                Hexes/Translocation          3
   d - Petrify                        Transmutation/Earth          4
   e - Metabolic Englaciation         Hexes/Ice                    5
   f - Yara's Violent Unravelling     Hexes/Transmutation          5
Comestibles
 f - 4 bread rations
 p - a meat ration


   Skills:
 + Level 3.7 Fighting
 + Level 3.9 Maces & Flails
 + Level 0.2 Polearms
 + Level 3.0 Bows
 + Level 1.0 Throwing
 + Level 1.2 Dodging
 + Level 0.2 Stealth
   Level 1.0 Evocations


You had 3 spell levels left.
You didn't know any spells.

Dungeon Overview and Level Annotations

Branches:
Dungeon (3/15)

Altars:


Innate Abilities, Weirdness & Mutations

Your plain brown scales are hard. (AC +5)
You cannot fit into any form of body armour.
You are cold-blooded and may be slowed by cold attacks.


Message History

The orc closely misses you.
Attack whom?
Press: ? - help, Dir - move target cursor, f/p - orc
Aim: an orc, wielding a mace (almost dead)
You barely miss the orc.
The orc is almost dead.
The orc barely misses you.
Attack whom?
Press: ? - help, Dir - move target cursor, f/p - orc
Aim: an orc, wielding a mace (almost dead)
You closely miss the orc.
The orc is almost dead.
The orc closely misses you. The orc hits you but does no damage.
Attack whom?
Press: ? - help, Dir - move target cursor, f/p - orc
Aim: an orc, wielding a mace (almost dead)
You closely miss the orc.
The orc is almost dead.
The orc hits you with a mace!
You die...

##### ### #.#.#
#######.#
###.#.###.o.(...#
...#..o..#####)#
####.#.##..# #(#
o)o....##..# #o#
##.######..# #@#
#.#
#..#####.#######
#.#
#...............
#.#
#.######.######.
#.####
#.............#
#)...#
#######.#####.#
#....# #....#
#....##### #..#.#
#........#
#..#...


You could see an orc.

Vanquished Creatures
  2 orc wizards (D:3)
  An adder (D:2)
  2 worms (D:2)
  3 leopard geckos
  An orc (D:3)
  A ball python (D:1)
  8 goblins
  7 hobgoblins
  6 bats
  A frilled lizard (D:1)
  3 kobolds (D:1)
  4 rats
39 creatures vanquished.

Notes
Turn   | Place    | Note
-------+----------+-------------------------------------------
     0 | D:1      | Asddderdsw the Draconian Wanderer began the quest for the Orb.
     0 | D:1      | Asddderdsw set off with: a +2 shortbow, 25 arrows, a +0 mace, a scroll of teleportation, a bread ration
     0 | D:1      | Reached XP level 1. HP: 19/19 MP: 1/1
   146 | D:1      | Reached XP level 2. HP: 24/26 MP: 2/2
   879 | D:2      | Reached XP level 3. HP: 31/31 MP: 3/3
  1567 | D:2      | Reached skill level 1 in Dodging
  1811 | D:3      | Reached XP level 4. HP: 17/39 MP: 4/4
  1844 | D:3      | Slain by an orc

Vault maps used:
D:1:      mrwooster_arrival_statue_3
D:2:      first_bread
D:3:      amethyst_overflow_temple_binary, minmay_snake_closets, uniq_terence

Skill      XL: |  1  2  3  4 |
---------------+-------------+-----
Bows           | 2 3 |  3.0
Dodging        | 1 |  1.2
Fighting       | |  3.7
Maces & Flails | |  3.9
Polearms       | |  0.2
Throwing       | |  1.0
Stealth        | |  0.2
Evocations     | |  1.0

Action                   |  1- 3 |  4- 6 || total
-------------------------+-------+-------++-------
Melee: Mace              |    36 |       ||    36
       Trident           |    22 |    26 ||    48
       Tailslap          |       |     1 ||     1
 Fire: Shortbow          |    51 |       ||    51
  Use: Potion            |     3 |     1 ||     4
       Scroll            |     2 |       ||     2
  Eat: Chunk             |     3 |       ||     3
Armor: Skin              |    42 |     9 ||    51
Dodge: Dodged            |    61 |    11 ||    72
